 Dungeon Crawl Stone Soup version 0.16-a0-3494-g28000b7 (webtiles) character file.

100 Stone the Cudgeler (level 4, -4/35 HPs)
             Began as a Mummy Fighter on Jan 4, 2015.
             Slain by a sky beast (5 damage)
             ... on level 4 of the Dungeon.
             The game lasted 00:11:32 (2692 turns).

Stone the Cudgeler (Mummy Fighter)                  Turns: 2692, Time: 00:11:32

Health: -4/35      AC:  6    Str: 20    XL:     4   Next: 47%
Magic:  4/4        EV:  7    Int: 11    God:
Gold:   185        SH:  8    Dex: 11    Spells: 0 memorised, 3 levels left

rFire  x . .     SeeInvis .     o - +2 whip (venom)
rCold  + . .     Clarity  .     b - +0 scale mail
rNeg   + + +     SustAb   .     c - +0 shield
rPois  ∞         Gourm    .     (no helmet)
rElec  .         Spirit   .     (no cloak)
rCorr  .         Warding  .     (no gloves)
rMut   .         Stasis   .     (no boots)
MR     .....                    (no amulet)
Stlth  ..........               (no ring)
                                u - +4 ring of intelligence

@: not resistant to hostile enchantments, extremely unstealthy
A: no food or potions, fire vulnerability, restore body, cold resistance 1,
negative energy resistance 3, poison resistance, torment resistance, unbreathing
a: no special abilities


You were on level 4 of the Dungeon.
You were not hungry.

You visited 1 branch of the dungeon, and saw 4 of its levels.

You collected 185 gold pieces.

Inventory:

Hand weapons
 a - a +0 flail
 i - a +0 hunting sling
 j - a +0 club
 o - a +2 whip of venom (weapon)
 p - a +0 club
Armour
 b - a +0 scale mail (worn)
 c - a +0 shield (worn)
 k - a +2 robe of cold resistance
 n - a cursed +0 ring mail
 q - a +0 scale mail
 s - a +0 ring mail
Jewellery
 t - a cursed ring of teleportation
 u - a +4 ring of intelligence (left hand)
Magical devices
 l - a wand of hasting (7)
Scrolls
 d - 3 scrolls of noise {unknown}
 f - a scroll of identify
 g - 2 scrolls of enchant weapon {unknown}
 h - 2 scrolls of teleportation {unknown}
 m - a scroll of remove curse {unknown}
 r - a scroll of amnesia {unknown}


   Skills:
 - Level 3.0 Fighting
 + Level 3.9 Maces & Flails
 - Level 2.4 Armour
 - Level 2.4 Shields


You had 3 spell levels left.
You didn't know any spells.

Dungeon Overview and Level Annotations

Branches:
Dungeon (4/15)
 Temple: D:4-7

Altars:
Nemelex Xobeh
Zin

Shops:
D:3 *   D:4 %


Innate Abilities, Weirdness & Mutations

You do not eat or drink.
Your flesh is vulnerable to fire.
Your flesh is cold resistant.
You are immune to negative energy.
Your system is resistant to poisons.
You are immune to unholy pain and torment.
You can survive without breathing.


Message History

The tomahawk of returning fails to return to your pack!
The sky beast flickers out of sight!
Deactivating autopickup; reactivate with Ctrl-A.
Firing (i - inventory): No suitable missiles.
Press: ? - help, Shift-Dir - straight line
Okay, then.
You hit something. Something hits you. Something shocks you.
You miss something. Something hits you but does no damage. Something hits you.
Something shocks you. You block its attack.
You miss something.
You hear the brisk rusting of a distant drain.
Something hits you. Something shocks you.
You hit something. Something hits you. Something shocks you.
* * * LOW HITPOINT WARNING * * *
You barely miss something. Something hits you but does no damage.
You barely miss something. Something hits you.
* * * LOW HITPOINT WARNING * * *
Something shocks you.
You die...

######
.......###########
#####..{@........#
.............<...#
###
..(..............#
####..
.((.#.####......#
#..... ###
#.####......#
#.....
#...........#
#.....
#...........#
#.....
#...........#
#.....
#...........#
#...(.


There were no monsters in sight!

Vanquished Creatures
  An adder (D:3)
  A giant mite (D:4)
  2 worms
  4 giant geckos
  An orc (D:4)
  2 ball pythons (D:3)
  7 bats
  4 giant cockroaches
  10 hobgoblins
  A quokka (D:3)
  5 giant newts
  5 goblins
  2 jackals (D:2)
  11 kobolds
  13 rats
  2 fungi (D:1)
71 creatures vanquished.

Notes
Turn   | Place    | Note
--------------------------------------------------------------
     0 | D:1      | Stone, the Mummy Fighter, began the quest for the Orb.
     0 | D:1      | Reached XP level 1. HP: 18/18 MP: 1/1
   285 | D:1      | Reached XP level 2. HP: 24/24 MP: 2/2
  1252 | D:2      | Reached XP level 3. HP: 29/29 MP: 3/3
  1865 | D:3      | Found a sparkling altar of Nemelex Xobeh.
  1921 | D:3      | Reached XP level 4. HP: 33/35 MP: 4/4
  2053 | D:3      | Found Zin's Purification Station.
  2056 | D:3      | Found a glowing silver altar of Zin.
  2576 | D:4      | Found Feeplen's Food Shoppe.
  2681 | D:4      | Noticed a sky beast
  2692 | D:4      | HP: 1/35 [something (4)]
  2692 | D:4      | Slain by a sky beast

Action                   |  1- 3 |  4- 6 || total
-------------------------+-------+-------++-------
Melee: Flail             |   156 |       ||   156
       Whip              |     4 |    49 ||    53
Throw: Tomahawk          |    52 |    18 ||    70
  Use: Scroll            |     3 |     2 ||     5
